 Dungeon Crawl Stone Soup version 0.22-a0-93-g6b88ebb (webtiles) character file.

1167 mortelune the Chiller (level 8, 0/52 HPs)
             Began as a Barachi Ice Elementalist on Jan 24, 2018.
             Was a Believer of Cheibriados.
             Slain by Edmund
             ... wielding a +0 dire flail of protection
              (2 damage)
             ... on level 5 of the Dungeon.
             The game lasted 00:22:12 (9876 turns).

mortelune the Chiller (Barachi Ice Elementalist)    Turns: 9876, Time: 00:22:12

Health: 0/52       AC:  6    Str: 13    XL:     8   Next: 40%
Magic:  13/16      EV: 13    Int: 23    God:    Cheibriados [**....]
Gold:   162        SH:  0    Dex: 16    Spells: 4/18 levels left

rFire    . . .     SeeInvis .   s - +0 trident
rCold    . . .     Gourm    .   (no shield)
rNeg     . . .     Faith    .   r - +0 robe
rPois    +         Spirit   .   D - +0 helmet
rElec    .         Reflect  .   o - +0 cloak
rCorr    .         Harm     .   f - +1 pair of gloves
MR       .....                  (no boots)
Stlth    +++.......             (no amulet)
HPRegen  0.17/turn              B - ring of stealth
MPRegen  0.15/turn              i - ring of poison resistance

@: can't hop, very slow
A: +LOS, swims, slowness 1, strong legs 1
a: Hop, Bend Time, Renounce Religion


You were on level 5 of the Dungeon.
You worshipped Cheibriados.
Cheibriados was pleased with you.
You were not hungry.

You visited 2 branches of the dungeon, and saw 7 of its levels.

You collected 162 gold pieces.

Inventory:

Hand Weapons
 g - a +0 short sword
 n - a +0 short sword
 q - a -2 dagger
 s - a +0 trident (weapon)
 v - a +0 blowgun
Missiles
 x - 12 poisoned needles
Armour
 a - a +0 robe
 f - a +1 pair of gloves (worn)
 o - a +0 cloak (worn)
 r - a +0 robe (worn)
 D - a +0 helmet (worn)
Jewellery
 i - a ring of poison resistance (right hand)
 B - a ring of stealth (left hand)
 G - an uncursed ring of fire
Scrolls
 j - a scroll of blinking {unknown}
 k - a scroll of teleportation
 l - 3 scrolls of remove curse
 m - a scroll of fog {unknown}
 p - 2 scrolls of enchant weapon {unknown}
 t - a scroll of fear {unknown}
 y - a scroll of enchant armour
 z - a scroll of magic mapping {unknown}
 A - 2 scrolls of identify
Potions
 d - a potion of brilliance
 e - a potion of agility
 h - 3 potions of haste
 u - a potion of heal wounds {unknown}
 w - a potion of mutation {unknown}
 C - a potion of degeneration {unknown}
 E - a potion of cancellation {unknown}
 H - a potion of invisibility {unknown}
Books
 b - a book of Frost

   Spells                             Type                      Level
   a - Freeze                         Ice                          1
   b - Throw Frost                    Conjuration/Ice              2
   c - Ozocubu's Armour               Charms/Ice                   3
   d - Throw Icicle                   Conjuration/Ice              4
   e - Summon Ice Beast               Ice/Summoning                4
Comestibles
 c - 3 rations


   Skills:
 - Level 2.1 Dodging
 - Level 1.7 Stealth
 + Level 5.8 Spellcasting
 + Level 5.8 Conjurations
 + Level 2.4 Summonings
 + Level 7.5 Ice Magic


You had 4 spell levels left.
You knew the following spells:

 Your Spells              Type           Power        Failure   Level  Hunger
a - Freeze                Ice            ####         1%          1    None
b - Throw Frost           Conj/Ice       #####.       1%          2    None
c - Throw Icicle          Conj/Ice       #####...     5%          4    ###....
d - Summon Ice Beast      Ice/Summ       ####....     11%         4    ###....
z - Ozocubu's Armour      Chrm/Ice       ###.....     5%          3    #......


Dungeon Overview and Level Annotations

Branches:
Dungeon (6/15)             Temple (1/1) D:4

Altars:
Ashenzari
Cheibriados
Elyvilon
Fedhas
Gozag
Kikubaaqudgha
Okawaru
Qazlal
Ru
Trog
Xom
Zin

Annotations:
D:3 Daviar's ghost, amateur DsMo
D:5 2 exclusions, Edmund; Sigmund


Innate Abilities, Weirdness & Mutations

Shadows flee at your approach. (+LOS)
You can swim through water.
You cover ground slowly.
You can hop short distances.


Message History

Confirm with . or Enter, or press ? or * to list all spells.
A chill wind blows around you. The orc warrior barely misses you.
Your ice beast hits Edmund but does no damage.
Edmund barely misses you. The orc warrior closely misses you.
Your ice beast hits Edmund.
Your ice beast freezes Edmund.
Edmund resists.
Your ice beast hits Edmund but does no damage.
Edmund hits you with a dire flail of protection!
* * * LOW HITPOINT WARNING * * *
Okay, then.
Your ice beast closely misses Edmund.
The orc warrior hits you from afar with a halberd.
* * * LOW HITPOINT WARNING * * *
Edmund completely misses you.
As you read the scroll labeled MAEFEF NOIHOAWEPP, it crumbles to dust.
It is a scroll of enchant armour.
Your +0 pair of gloves glows green for a moment.
The orc warrior barely misses you.
Your ice beast hits Edmund.
Your ice beast freezes Edmund!
Edmund resists.
Edmund hits you with a dire flail of protection.
You die...

................#
#############.#.##
##.....# ##......#
#.......#
##.......#
##........#
#........<#
#........@#
#......o.@#
#........Y#
#[........#
##........#
###>.....#
#.###### ##.# #.##


You could see Edmund, an orc warrior and a friendly ice beast.

Vanquished Creatures
  4 ogres
  A centaur (D:6)
  A bullfrog (D:6)
  A howler monkey (D:6)
  2 crimson imps (D:5)
  3 orc wizards
  4 orc priests
  2 jellies
  An iguana (D:4)
  A worker ant (D:4)
  Terence (D:2)
  A hound skeleton (D:5)
  A worker ant zombie (D:2)
  9 adders
  An adder skeleton (D:4)
  4 worms
  A dart slug (D:2)
  3 leopard geckos
  28 orcs
  A ball python (D:4)
  3 giant cockroaches
  5 goblins
  5 hobgoblins
  8 jackals
  A quokka (D:5)
  6 bats
  3 frilled lizards
  7 kobolds
  A leopard gecko skeleton (D:4)
  A leopard gecko zombie (D:5)
  2 quokka zombies (D:5)
  5 rats
117 creatures vanquished.

Vanquished Creatures (collateral kills)
  An orc (D:6)
1 creature vanquished.

Grand Total: 118 creatures vanquished

Notes
Turn   | Place    | Note
-------+----------+-------------------------------------------
     0 | D:1      | mortelune the Barachi Ice Elementalist began the quest for the Orb.
     0 | D:1      | Reached XP level 1. HP: 13/13 MP: 3/3
   778 | D:1      | Reached XP level 2. HP: 19/19 MP: 2/5
   811 | D:1      | Learned a level 2 spell: Throw Frost
   816 | D:1      | Reached skill level 4 in Ice Magic
  1542 | D:2      | Reached XP level 3. HP: 19/24 MP: 1/7
  1915 | D:2      | Learned a level 3 spell: Ozocubu's Armour
  2399 | D:2      | Reached XP level 4. HP: 30/30 MP: 3/8
  3335 | D:2      | Noticed Terence
  3347 | D:2      | Killed Terence
  3347 | D:2      | Reached XP level 5. HP: 31/35 MP: 1/10
  3492 | D:2      | Learned a level 4 spell: Throw Icicle
  3600 | D:2      | Reached skill level 5 in Ice Magic
  5563 | D:3      | Noticed Daviar's ghost (amateur DsMo)
  5945 | D:4      | Found a staircase to the Ecumenical Temple.
  5963 | Temple   | Entered the Ecumenical Temple
  5996 | Temple   | Became a worshipper of Cheibriados the Contemplative
  6031 | D:4      | Noticed an ogre
  6037 | D:4      | Killed an ogre
  6037 | D:4      | Reached XP level 6. HP: 41/41 MP: 0/12
  6483 | D:4      | Reached skill level 6 in Ice Magic
  6809 | D:4      | Reached XP level 7. HP: 45/46 MP: 5/13
  7124 | D:5      | Entered Level 5 of the Dungeon
  7124 | D:5      | Noticed Sigmund
  7815 | D:4      | Reached skill level 5 in Spellcasting
  8011 | D:5      | Reached * piety under Cheibriados
  8091 | D:5      | Reached skill level 5 in Conjurations
  8937 | D:5      | Reached skill level 7 in Ice Magic
  8957 | D:5      | Learned a level 4 spell: Summon Ice Beast
  9060 | D:5      | Reached XP level 8. HP: 52/52 MP: 7/16
  9065 | D:5      | Reached skill level 1 in Summonings
  9575 | D:6      | Reached ** piety under Cheibriados
  9703 | D:6      | Found a stormy altar of Qazlal.
  9712 | D:6      | Noticed Edmund
  9875 | D:5      | HP: 2/52 [orc warrior/halberd (4)]
  9876 | D:5      | Slain by Edmund

Vault maps used:
D:1:      lightli_arrival_farm, serial_bayou, serial_bayou_shore_a,
          serial_bayou_pond_a, serial_bayou_lagoon_b, serial_bayou_shore_b,
          minmay_misc_feat_four_crosses
D:2:      uniq_terence
D:3:      lemuel_coloured_pillars_altar, first_ration, mrwooster_statue_mirror,
          makhleb_heckhound_becter
D:4:      minmay_temple_entry_mist, kennysheep_pointless_box
D:5:      uniq_sigmund
D:6:      lemuel_round_altar, overflow_temple_1_default, uniq_edmund,
          uniq_blork_the_orc, uniq_duvessa
Temple:   nicolae_temple_elliptical

Skill      XL: |  1  2  3  4  5  6  7  8 |
---------------+-------------------------+-----
Ice Magic      | 4 5 6 7 |  7.5
Spellcasting   | 3 4 5 |  5.8
Conjurations   | 2 3 4 5 |  5.8
Summonings     | 2 |  2.4
Dodging        | |  2.1
Stealth        | |  1.7

Action                   |  1- 3 |  4- 6 |  7- 9 || total
-------------------------+-------+-------+-------++-------
Melee: Short sword       |    24 |     3 |       ||    27
       Unarmed           |     2 |       |       ||     2
       Trident           |       |    27 |    15 ||    42
 Cast: Freeze            |    29 |    57 |    56 ||   142
       Throw Frost       |     8 |    56 |     5 ||    69
       Ozocubu's Armour  |       |     3 |     1 ||     4
       Throw Icicle      |       |     2 |    28 ||    30
       Summon Ice Beast  |       |       |     3 ||     3
 Abil: Hop               |     1 |     1 |     5 ||     7
  Use: Potion            |     2 |       |     1 ||     3
       Scroll            |       |     4 |     2 ||     6
  Eat: Chunk             |     3 |    14 |    12 ||    29
       Ration            |     1 |     1 |       ||     2
Armor: Robe              |    17 |    11 |    14 ||    42
Dodge: Dodged            |    27 |    42 |    61 ||   130

Table legend:
 A = Spawn XP
 B = Non-spawn XP
 C = Spawn XP percentage of total XP
 D = Spawn monster count
 E = Non-spawn monster count
 F = Spawn count percentage of total count
 G = Total turns spent on level
                    A         B        C        D         E        F      G
               +---------+---------+-------+---------+---------+-------+---------
         Total |       0 |    1668 |   0.0 |       0 |     118 |   0.0 |  9876
               +---------+---------+-------+---------+---------+-------+---------
           D:1 |       0 |      15 |   0.0 |       0 |      10 |   0.0 |  1553
           D:2 |       0 |     162 |   0.0 |       0 |      31 |   0.0 |  2397
           D:3 |       0 |      61 |   0.0 |       0 |      21 |   0.0 |  1747
           D:4 |       0 |     569 |   0.0 |       0 |      22 |   0.0 |  1969
           D:5 |       0 |     534 |   0.0 |       0 |      28 |   0.0 |  1976
           D:6 |       0 |     327 |   0.0 |       0 |       6 |   0.0 |   172
               +---------+---------+-------+---------+---------+-------+---------
